 Dungeon Crawl Stone Soup version 0.31.0-12-g77e489cdc1 (webtiles) character file.

Game seed: 4494078903282629465

58916 Axelsxxd the Warrior (level 14, -4/123 HPs)
             Began as a Merfolk Gladiator on Feb 19, 2024.
             Was a Priest of Okawaru.
             Slain by an ettin
             ... wielding a +0 dire flail
              (15 damage)
             ... on level 1 of the Orcish Mines.
             The game lasted 00:53:19 (29803 turns).

Axelsxxd the Warrior (Merfolk Gladiator)           Turns: 29803, Time: 00:53:19

Health: -4/123     AC: 16    Str: 18    XL:     14   Next: 92%
Magic:  14/18      EV: 22    Int:  5    God:    Okawaru [***...]
Gold:   1503       SH:  7    Dex: 13    Spells: 13/13 levels left

rFire   + + +        q - +1 trident (venom)
rCold   + . .        D - +0 buckler
rNeg    . . .        Z - +3 scale mail of Knowledge {+Blink rElec rC+ Int-3}
rPois   +            c - +0 helmet
rElec   +            o - scarf of Starshine {shadows, rPois rF+++ Str+3 Dex-4}
rCorr   .            y - +0 pair of gloves
SInv    .            x - +2 pair of boots {Fly}
Will    ++...        (no amulet)
Stlth   +            Y - ring of willpower
HPRegen 0.40/turn    V - +5 ring of evasion
MPRegen 0.16/turn

%: no passive effects
@: heroic, flying
A: (nimble swimmer 2), mertail, passive freeze, weak 1
a: Renounce Religion, Evoke Blink, Heroism


You were on level 1 of the Orcish Mines.
You worshipped Okawaru.
Okawaru was most pleased with you.
You visited 4 branches of the dungeon, and saw 21 of its levels.

You collected 1671 gold pieces.
You spent 168 gold pieces at shops.

Inventory:

Hand Weapons
 q - a +1 trident of venom (weapon)
Missiles
 f - 2 boomerangs (quivered)
 H - a javelin
 R - an atropa-tipped dart
 U - 5 curare-tipped darts
Armour
 c - a +0 helmet (worn)
 n - the +2 robe of Yvytzuv {rElec rC++ rCorr Stlth+}
   (You found it on level 6 of the Dungeon)

   rC++:      It greatly protects you from cold.
   rElec:     It insulates you from electricity.
   rCorr:     It protects you from acid and corrosion.
   Stlth+:    It makes you more stealthy.
 o - the scarf of Starshine (worn) {shadows, rPois rF+++ Str+3 Dex-4}
   (You found it on level 4 of the Lair of Beasts)

   Str+3:     It affects your strength (+3).
   Dex-4:     It affects your dexterity (-4).
   rF+++:     It renders you almost immune to fire.
   rPois:     It protects you from poison
 x - a +2 pair of boots of flying (worn)
 y - a +0 pair of gloves (worn)
 D - a +0 buckler (worn)
 I - a +1 cloak of preservation
 O - +0 acid dragon scales
 Z - the +3 scale mail of Knowledge (worn) {+Blink rElec rC+ Int-3}
   (You found it on level 13 of the Dungeon)

   Int-3:     It affects your intelligence (-3).
   rC+:       It protects you from cold.
   rElec:     It insulates you from electricity.
   +Blink:    It lets you blink.
Jewellery
 b - a ring of ice
 e - an amulet of reflection
 i - a +6 ring of dexterity
 t - a ring of resist corrosion
 G - a +4 ring of protection
 V - a +5 ring of evasion (right hand)
 Y - a ring of willpower (left hand)
Wands
 j - a wand of flame (26)
 r - a wand of mindburst (18)
 F - a wand of acid (2)
 Q - a wand of paralysis (4)
 T - a wand of polymorph (6)
Scrolls
 g - 6 scrolls of poison
 h - 10 scrolls of teleportation
 k - a scroll of summoning
 s - 5 scrolls of fear
 u - 2 scrolls of enchant armour
 v - a scroll of immolation
 w - 3 scrolls of fog
 B - 3 scrolls of blinking
 M - 3 scrolls of silence
 S - 2 scrolls of brand weapon
 W - 2 scrolls of vulnerability
Potions
 a - 5 potions of heal wounds
 l - 2 potions of enlightenment
 m - a potion of might {unknown}
 z - 3 potions of haste
 A - 4 potions of lignification
 C - 5 potions of curing
 E - a potion of cancellation {unknown}
 J - a potion of mutation
 L - a potion of attraction
 N - a potion of ambrosia
Miscellaneous
 P - a lightning rod (4/4)


   Skills:
 + Level 15.2(20.2) Fighting
 + Level 14.2(19.2) Polearms
 - Level 12.0(17.0) Throwing
 + Level 2.3(7.3) Armour
 - Level 13.1(18.1) Dodging
 - Level 7.0(12.0) Shields
 + Level 6.4 Invocations
 + Level 7.3 Evocations


You had 13 spell levels left.
You didn't know any spells.
Your spell library contained the following spells:

 Spells                   Type           Power      Damage    Failure   Level
 Magic Dart               Conj           0%         1d3       86%         1
 Necrotise                Necr           0%         1d4       86%         1
 Blink                    Tloc           0%         N/A       95%         2
 Lesser Beckoning         Tloc           0%         N/A       95%         2
 Mercury Vapours          Alch/Air       0%         N/A       95%         2
 Sublimation of Blood     Necr           0%         N/A       95%         2
 Frozen Ramparts          Ice            0%         1d1       99%         3
 Gell's Gravitas          Tloc           0%         N/A       99%         3
 Hailstorm                Conj/Ice       0%         3d5       99%         3
 Teleport Other           Tloc           0%         N/A       99%         3
 Vampiric Draining        Necr           0%         2d6       99%         3
 Airstrike                Air            0%         2d(0-16)  100%        4
 Leda's Liquefaction      Alch/Erth      0%         N/A       100%        4
 Petrify                  Alch/Erth      0%         N/A       100%        4
 Vhi's Electric Charge    Tloc/Air       0%         N/A       100%        4
 Arcjolt                  Conj/Air       0%         1d10      100%        5
 Borgnjor's Vile Clutch   Necr/Erth      0%         N/A       100%        5
 Curse of Agony           Necr           0%         N/A       100%        5
 Lee's Rapid Deconstruct  Erth           0%         3d4*      100%        5
 Metabolic Englaciation   Hex/Ice        0%         N/A       100%        5
 Conjure Ball Lightning   Conj/Air       0%         3x3d6     100%        6
 Plasma Beam              Fire/Air       0%         2x1d10    100%        6
 Maxwell's Capacitive Co  Air            0%         ∞         100%        8
 Summon Small Mammal      Summ           Unusable   N/A       N/A         1
 Call Imp                 Summ           Unusable   N/A       N/A         2
 Summon Ice Beast         Ice/Summ       Unusable   N/A       N/A         3
 Animate Armour           Summ/Erth      Unusable   N/A       N/A         4
 Animate Dead             Necr           Unusable   N/A       N/A         4
 Martyr's Knell           Necr/Summ      Unusable   N/A       N/A         4
 Summon Lightning Spire   Summ/Air       Unusable   N/A       N/A         4
 Death Channel            Necr           Unusable   N/A       N/A         6
 Sculpt Simulacrum        Ice/Alch       Unusable   N/A       N/A         6
 Spellforged Servitor     Conj/Summ      Unusable   N/A       N/A         7
 Summon Hydra             Summ           Unusable   N/A       N/A         7

Dungeon Overview and Level Annotations

Branches:
Dungeon (13/15)            Temple (1/1) D:6            Lair (5/5) D:10
 Shoals (0/4) Lair:3        Snake (0/4) Lair:3        Slime (0/5) Lair:4
    Orc (2/2) D:11         Vaults (0/5) D:13
    Elf: Orc:2

Altars:
Ashenzari
Cheibriados
Dithmenos
Elyvilon
Fedhas
Gozag
Hepliaklqana
Kikubaaqudgha
Makhleb
Nemelex Xobeh
Okawaru
Qazlal
Ru
Sif Muna
Trog
Uskayaw
Vehumet
Wu Jian
Xom
Yredelemnul
Zin
The Shining One
Jiyva

Shops:
D:13 *

Annotations:
D:8 1 runed translucent door


Innate Abilities, Weirdness & Mutations

((You are very nimble when in or above water. (Stealth+, EV+, Speed+++)))
Your lower body shifts to a powerful aquatic tail in water.
A frigid envelope surrounds you and freezes all who hurt you.
You are weak. (Str -2)


Message History

You fly upwards.
There is a stone staircase leading down here.
You feel more confident with your borrowed prowess.
The ettin misses you. You block the ettin's attack.
Okay, then.
Reach: q) +1 trident (venom)
Press: ? - help, Dir - move target, f - ettin
Aim: an ettin, wielding two +0 dire flails (lightly wounded, about 12% to evade your +1 trident of venom)
You hit the ettin but do no damage.
The ettin is poisoned.
The ettin is lightly wounded.
The ettin hits you with a +0 dire flail!!
The ettin is very cold.
The ettin is moderately wounded.
The ettin hits you with a +0 dire flail!
Reach: q) +1 trident (venom)
Press: ? - help, Dir - move target, f/p - ettin
Aim: an ettin, wielding two +0 dire flails (moderately wounded, very poisoned, about 12% to evade your +1 trident of venom)
You hit the ettin but do no damage.
The ettin looks as sick as possible!
The ettin is moderately wounded.
Unknown command.
Reach: q) +1 trident (venom)
Press: ? - help, Dir - move target, f/p - ettin
Aim: an ettin, wielding two +0 dire flails (moderately wounded, extremely poisoned, about 12% to evade your +1 trident of venom)
You hit the ettin but do no damage.
The ettin is moderately wounded.
The ettin hits you with a +0 dire flail!
The ettin is very cold.
The ettin is moderately wounded.
The ettin closely misses you.
Reach: q) +1 trident (venom)
Press: ? - help, Dir - move target, f/p - ettin
Aim: an ettin, wielding two +0 dire flails (moderately wounded, extremely poisoned, about 12% to evade your +1 trident of venom)
You puncture the ettin!
The ettin looks as sick as possible!
The ettin is heavily wounded.
The ettin hits you with a +0 dire flail!!
* * * LOW HITPOINT WARNING * * *
The ettin is very cold.
The ettin is severely wounded.
The ettin hits you with a +0 dire flail!
You die...

#.......#.....#...#
######...............##
##.##.##.#............##
##........##............#
##.....................##
....#..................##
##......#...............#
##..............[[.....##
##.............)@C......#
#..............)).......#
#..#....>...............#
...#........#.....[....##
#.................<....#
##....................##
###.................##
###................##
###.#.........#...)...#


You could see an ettin (extremely poisoned).

Vanquished Creatures
  Nessos (Lair:3)
  Josephine (D:12)
  A fire dragon (Lair:5)
  A yaktaur captain (D:12)
  Erolcha (Orc:1)
  Fannar (D:12)
  5 hydras
  A catoblepas (Lair:1)
  3 two-headed ogres
  9 death yaks
  2 fire crabs
  A skyshark (Lair:4)
  A skeletal warrior (D:13)
  A slime creature (D:12)
  An orc knight (Orc:1)
  A salamander (Lair:3)
  An ugly thing (D:13)
  A manticore (D:13)
  Maurice (D:8)
  4 elephants
  5 black mambas
  3 molten gargoyles (Lair:5)
  14 cane toads
  An unseen horror (D:12)
  3 kobold demonologists
  A rime drake (Lair:5)
  2 yaktaurs (D:13)
  Maggie (Lair:2)
  11 komodo dragons
  6 trolls
  A hornet (D:11)
  17 blink frogs
  Grinder (D:3)
  Sigmund (D:3)
  A shadow (D:9)
  6 wraiths
  2 water elementals (D:11)
  9 wyverns
  52 yaks
  A warg (Orc:1)
  6 basilisks
  2 steam dragons (Lair:5)
  4 vampire mosquitoes (D:13)
  8 redbacks (D:8)
  An acid dragon (D:10)
  19 water moccasins
  5 hell hounds (Lair:5)
  Duvessa (D:4)
  5 orc warriors
  4 ice beasts
  2 laughing skulls (D:13)
  A sky beast (D:7)
  6 ogres
  6 black bears
  3 wolves (Lair:2)
  5 centaurs
  2 kobold brigands
  11 bullfrogs
  4 scorpions
  4 wights
  Dowan (D:4)
  25 killer bees
  4 howler monkeys
  4 electric eels
  A bombardier beetle (D:5)
  8 lava snakes
  3 gnoll boudas
  4 orc priests
  2 hounds
  9 orc wizards
  4 iguanas
  2 sleepcaps
  3 hell rats (D:10)
  Robin (D:3)
  7 gnolls
  10 adders
  2 river rats (D:10)
  2 ufetubi (D:6)
  4 dart slugs
  A ribbon worm (D:3)
  38 orcs
  5 ball pythons
  5 endoplasms
  5 giant cockroaches
  14 goblins
  15 hobgoblins
  5 quokkas
  4 bats
  3 frilled lizards (D:1)
  18 kobolds
  12 rats
496 creatures vanquished.

Vanquished Creatures (others)
  An electric eel (Lair:4)
  An orc wizard (D:6)
  A kobold (D:9)
3 creatures vanquished.

Grand Total: 499 creatures vanquished

Notes
Turn   | Place    | Note
-------+----------+-------------------------------------------
     0 | D:1      | Axelsxxd the Merfolk Gladiator began the quest for the Orb.
     0 | D:1      | Reached XP level 1. HP: 16/16 MP: 1/1
   148 | D:1      | Reached XP level 2. HP: 23/23 MP: 2/2
   172 | D:1      | Reached skill level 3 in Fighting
   575 | D:1      | Reached XP level 3. HP: 30/30 MP: 3/3
   724 | D:1      | Reached skill level 4 in Fighting
  1795 | D:3      | Noticed Grinder
  1800 | D:3      | Paralysed by Grinder for 2 turns
  2082 | D:3      | Reached XP level 4. HP: 37/37 MP: 4/4
  2097 | D:3      | Paralysed by Grinder for 5 turns
  2129 | D:3      | Paralysed by Grinder for 4 turns
  2137 | D:3      | Killed Grinder
  2138 | D:3      | Reached skill level 5 in Polearms
  2138 | D:3      | Reached skill level 5 in Dodging
  2138 | D:3      | Reached XP level 5. HP: 21/43 MP: 5/5
  2138 | D:3      | Reached XP level 6. HP: 24/50 MP: 6/6
  2407 | D:3      | Noticed Sigmund
  2453 | D:3      | Killed Sigmund
  2454 | D:3      | Reached skill level 5 in Fighting
  2648 | D:3      | Noticed Robin
  2762 | D:3      | Reached XP level 7. HP: 56/56 MP: 7/7
  2801 | D:3      | Killed Robin
  3494 | D:4      | Noticed Dowan
  3494 | D:4      | Noticed Duvessa
  3534 | D:4      | Killed Duvessa
  3535 | D:4      | Reached skill level 5 in Throwing
  3567 | D:4      | Killed Dowan
  3778 | D:4      | Reached skill level 6 in Fighting
  3778 | D:4      | Reached XP level 8. HP: 65/65 MP: 8/8
  4278 | D:4      | Identified the +1 glaive of Propriety {drain, rPois rC-
                  | Will+ Stlth+}
  4434 | D:5      | Entered Level 5 of the Dungeon
  4576 | D:4      | Reached skill level 7 in Fighting
  5928 | D:5      | Reached skill level 8 in Fighting
  6134 | D:5      | Found a glowing silver altar of Zin.
  6134 | D:5      | Noticed an angel
  6219 | D:5      | Reached skill level 9 in Fighting
  7146 | D:5      | Reached skill level 10 in Fighting
  7146 | D:5      | Reached XP level 9. HP: 9/78 MP: 9/9
  7808 | D:6      | Found a staircase to the Ecumenical Temple.
  7817 | Temple   | Entered the Ecumenical Temple
  7848 | Temple   | Became a worshipper of Warmaster Okawaru
  8002 | D:6      | Reached skill level 1 in Shields
  8002 | D:6      | Reached skill level 1 in Evocations
  8114 | D:6      | Reached skill level 1 in Armour
  8897 | D:6      | Identified the +2 robe of Yvytzuv {rElec rC++ rCorr Stlth+}
  8906 | D:6      | Identified the +0 leather armour "Fasarr Zieme" {+Inv rCorr
                  | Str-2 Slay+2}
  9008 | D:6      | Reached * piety under Okawaru
 10110 | D:7      | Reached skill level 1 in Invocations
 10243 | D:8      | Found a runed translucent gate.
 10243 | D:8      | Found a runed translucent gate.
 10373 | D:8      | Reached XP level 10. HP: 80/85 MP: 11/11
 10466 | D:8      | Found a runed translucent gate.
 10468 | D:8      | Found a runed translucent door.
 10492 | D:8      | Found a runed translucent door.
 10690 | D:8      | Noticed Maurice
 10712 | D:8      | Killed Maurice
 11023 | D:8      | Found the +9 staff of Olgreb {rPois∞}
 11106 | D:8      | Reached ** piety under Okawaru
 11466 | D:8      | Reached skill level 10 in Dodging
 11505 | D:8      | Reached *** piety under Okawaru
 11516 | D:8      | Reached skill level 10 in Polearms
 11527 | D:8      | Reached skill level 5 in Shields
 12228 | D:9      | Noticed a two-headed ogre
 12250 | D:9      | Killed a two-headed ogre
 12251 | D:9      | Reached XP level 11. HP: 90/90 MP: 13/13
 12482 | D:9      | Noticed a sun demon
 12482 | D:9      | Reached **** piety under Okawaru
 13245 | D:10     | Entered Level 10 of the Dungeon
 13249 | D:10     | Found an ornate altar of the Wu Jian Council.
 13278 | D:10     | Noticed a two-headed ogre
 13289 | D:10     | Killed a two-headed ogre
 13479 | D:10     | Noticed a two-headed ogre
 13490 | D:10     | Killed a two-headed ogre
 13804 | D:10     | Noticed a death yak
 13888 | D:10     | Found a staircase to the Lair.
 13888 | D:10     | Noticed a death yak
 13896 | D:10     | Noticed a death yak
 13925 | D:10     | Killed a death yak
 14000 | D:10     | Killed a death yak
 14013 | D:10     | Killed a death yak
 14432 | Lair:1   | Entered Level 1 of the Lair of Beasts
 14946 | Lair:1   | Reached XP level 12. HP: 67/98 MP: 15/15
 15166 | Lair:1   | Reached ***** piety under Okawaru
 15346 | Lair:1   | Noticed a catoblepas
 15370 | Lair:1   | Killed a catoblepas
 15371 | Lair:1   | Reached skill level 5 in Invocations
 16069 | Lair:1   | Reached skill level 5 in Evocations
 16548 | Lair:2   | Reached skill level 11 in Fighting
 16684 | Lair:2   | Noticed Maggie
 16697 | Lair:2   | Killed Maggie
 18340 | Lair:3   | Found a staircase to the Snake Pit.
 18353 | Lair:3   | Reached XP level 13. HP: 107/107 MP: 17/17
 18461 | Lair:3   | Found a staircase to the Shoals.
 18488 | Lair:3   | Reached skill level 12 in Fighting
 18622 | Lair:3   | Received a gift from Okawaru
 18807 | Lair:3   | Reached skill level 13 in Fighting
 18988 | Lair:3   | Noticed Nessos
 19727 | Lair:3   | Reached skill level 14 in Fighting
 20265 | Lair:3   | Killed Nessos
 20983 | Lair:4   | Reached skill level 15 in Fighting
 21143 | Lair:4   | Found a viscous altar of Jiyva.
 21143 | Lair:4   | Found a staircase to the Slime Pits.
 21214 | Lair:4   | Received a gift from Okawaru
 21909 | Lair:4   | Reached XP level 14. HP: 101/123 MP: 18/18
 22156 | Lair:4   | Identified the scarf of Starshine {shadows, rPois rF+++
                  | Str+3 Dex-4}
 22421 | Lair:5   | Entered Level 5 of the Lair of Beasts
 23557 | Lair:5   | Found a large runed translucent door.
 23933 | Lair:5   | Reached skill level 10 in Throwing
 24383 | Lair:5   | Found a large runed translucent door.
 25911 | D:11     | Found a staircase to the Orcish Mines.
 26314 | D:12     | Identified the +0 robe of Starshine {rPois Archmagi}
 26416 | D:12     | Noticed Fannar
 26422 | D:12     | Killed Fannar
 26579 | D:12     | Gained mutation: You possess an exceptional clarity of
                  | mind. [potion of mutation]
 26579 | D:12     | Gained mutation: You are weak. (Str -2) [potion of
                  | mutation]
 26579 | D:12     | Gained mutation: Armour fits poorly on your strangely
                  | shaped body. [potion of mutation]
 26580 | D:12     | Lost mutation: Armour fits poorly on your strangely shaped
                  | body. [potion of mutation]
 26580 | D:12     | Lost mutation: You possess an exceptional clarity of mind.
                  | [potion of mutation]
 26580 | D:12     | Gained mutation: A frigid envelope surrounds you and
                  | freezes all who hurt you. [potion of mutation]
 26580 | D:12     | Gained mutation: You sometimes lose your temper in combat.
                  | [potion of mutation]
 26580 | D:12     | Lost mutation: You sometimes lose your temper in combat.
                  | [potion of mutation]
 27097 | D:12     | Noticed Josephine
 27112 | D:12     | Killed Josephine
 28176 | D:13     | Found a gate to the Vaults.
 28596 | D:13     | Got Leduhequ's Teachings on the Shocking Commander
 28760 | D:13     | Found Toumua's Gadget Gallery.
 28794 | D:13     | Bought a wand of mindburst (8) for 168 gold pieces
 28806 | D:13     | Identified the +3 scale mail of Knowledge {+Blink rElec rC+
                  | Int-3}
 29390 | Orc:1    | Entered Level 1 of the Orcish Mines
 29400 | Orc:1    | Noticed Erolcha
 29530 | Orc:1    | Killed Erolcha
 29734 | Orc:2    | Entered Level 2 of the Orcish Mines
 29803 | Orc:1    | Slain by an ettin

Illustrated notes

Levels and vault maps discovered:
D:1:      dpeg_arrival_morbid_curiosity, layout_basic
D:2:      minmay_evil_eye, layout_loops_corners
D:3:      layout_basic, kennysheep_boxes, uniq_sigmund, uniq_grinder, uniq_robin
D:4:      layout_layer_cave, uniq_duvessa
D:5:      layout_gridville, zin_angel
D:6:      layout_rooms, minmay_temple_entry_wispy, minmay_bent
D:7:      layout_basic
D:8:      layout_basic, grunt_decor_arrowhead, minmay_large_rounded_square,
          minmay_guarded_unrand_staff_of_olgreb, uniq_maurice
D:9:      layout_irregular_city
D:10:     layout_basic, nicolae_wu_jian_wuxing_cycle, dpeg_lair_monsters,
          kennysheep_big_empty_room, chequers_mini_garden,
          minmay_misc_feat_rows, corexii_corridor_pit,
          kennysheep_generic_room_12
D:11:     layout_basic, orc_0_dummy, serial_glass, glass_columns_a,
          glass_columns_a, glass_columns_b, glass_columns_a, glass_columns_c,
          glass_columns_a, item_on_display_a, due_unseen_surprise,
          corexii_corridor_pit
D:12:     layout_loops_ring, uniq_fannar, uniq_josephine
D:13:     layout_long_grid, david_vaults_2, nicolae_shop_gadgets
Temple:   mainiacjoe_temple_big_plus
Lair:1:   layout_cave_pods
Lair:2:   layout_regular_city, serial_bayou_shore_b, uniq_maggie
Lair:3:   layout_big_grid, elwin_shoals_entry_rocks,
          nicolae_snake_entry_warm_welcome, chequers_serial_rivers_room_b,
          serial_bayou_pond_c, uniq_nessos
Lair:4:   nzn_winding_woodlands_small
          [nzn_winding_woodlands_5x15_river_crossing,
          nzn_winding_woodlands_center_diamonds,
          nzn_winding_woodlands_5x15_eye], layout_misc_corridors,
          dpeg_slime_entry_enclosed
Lair:5:   cheibrodos_lair_end_hotspot, layout_gridlike
Orc:1:    layout_caves, uniq_erolcha, uniq_nergalle
Orc:2:    st_orc_congregation, layout_caves

Skill      XL: |  1  2  3  4  5  6  7  8  9 10 11 12 13 14 |
---------------+-------------------------------------------+-----
Fighting       | 3 4 5 6 10 11 15 | 15.2
Polearms       | 5 6 7 8 11 14 | 14.2
Throwing       | 3 4 5 7 12 | 12.0
Dodging        | 5 7 10 12 13 | 13.1
Shields        | 2 5 7 |  7.0
Evocations     | 2 3 4 6 7 |  7.3
Armour         | 2 |  2.3
Invocations    | 1 3 4 6 |  6.4

Action                     |  1- 3 |  4- 6 |  7- 9 | 10-12 | 13-15 || total
---------------------------+-------+-------+-------+-------+-------++-------
  Melee: Trident           |    79 |    75 |   585 |   913 |  1295 ||  2947
         Punch             |       |     2 |    10 |       |       ||    12
  Throw: Boomerang         |    59 |    17 |    47 |     7 |    13 ||   143
         Throwing net      |       |     4 |     1 |       |       ||     5
         Javelin           |       |     1 |     4 |     7 |       ||    12
         Dart              |       |       |       |    36 |     1 ||    37
 Invoke: Heroism           |       |       |       |    14 |    27 ||    41
         Finesse           |       |       |       |     2 |     6 ||     8
  Evoke: Wand              |       |       |       |    12 |     2 ||    14
    Use: Potion            |       |     2 |     3 |       |     3 ||     8
         Scroll            |       |     4 |     3 |     4 |     9 ||    20
   Stab: Sleeping          |     3 |     1 |     3 |     5 |    11 ||    23
         Held in net/web   |       |     3 |       |       |       ||     3
         Distracted        |       |       |       |     1 |     5 ||     6
         Paralysed         |       |       |       |       |    10 ||    10
 Armour: Leather armour    |    14 |       |       |       |       ||    14
         Ring mail         |     9 |    26 |   218 |       |       ||   253
         Robe              |       |       |    33 |   195 |   296 ||   524
         Scale mail        |       |       |       |       |    35 ||    35
  Dodge: Dodged            |    48 |    32 |   376 |   422 |   654 ||  1532
  Block: Buckler           |       |       |    68 |   165 |   271 ||   504
